Map: Dusk Towers

Players

Novastrike

  • Race: Protoss Protoss
  • League: Silver

lesha - Winner!

  • Race: Terran Terran
  • League: Silver

VOD

Have the link to the VOD?

Description

Time

  • Played on: Dec. 29, 2015, 9:05 a.m.
  • Length: 11:28
Show
View Real Time Build Order
Export as new Build Order

Novastrike Protoss 

Build Orders: 1 Gate Expand 

Get SALT Encoding   

  12  0:00  Probe (Chrono Boost)  
  13  0:11  Probe (Chrono Boost)  
  14  0:19  Pylon  
  14  0:31  Probe (Chrono Boost)  
  15  0:41  Probe (Chrono Boost)  
  16  0:42  Gateway  
  16  0:52  Probe (Chrono Boost)  
  17  1:00  Assimilator  
  17  1:02  Probe (Chrono Boost)  
  18  1:13  Probe (Chrono Boost)  
  19  1:26  Nexus  
  20  1:33  Probe (Chrono Boost)  
  20  1:40  Cybernetics Core  
  20  1:43  Probe (Chrono Boost)  
  21  2:00  Probe (Chrono Boost)  
  22  2:03  Pylon  
  22  2:06  Assimilator  
  22  2:10  Probe (Chrono Boost)  
  23  2:22  Probe (Chrono Boost)  
  24  2:35  Mothership Core (Chrono Boost)  
  25  2:43  Adept  
  26  3:07  Probe (Chrono Boost)  
  26  3:10  Probe (Chrono Boost)  
  28  3:17  Pylon  
  28  3:18  Probe (Chrono Boost)  
  29  3:20  Gateway  
  29  3:27  Pylon  
  29  3:28  Probe x2 (Chrono Boost)  
  31  3:39  Probe x2 (Chrono Boost)  
  33  3:45  Sentry  
  33  3:46  Warp Gate  
  35  3:53  Robotics Facility  
  35  3:56  Gateway  
  35  3:57  Gateway  
  35  4:10  Pylon  
  35  4:12  Forge  
  35  4:17  Probe x2 (Chrono Boost)  
  37  4:28  Probe (Chrono Boost)  
  37  4:30  Zealot x2  
  42  4:35  Assimilator  
  42  4:42  Pylon  
  42  4:47  Pylon  
  42  4:49  Probe (Chrono Boost)  
  42  4:50  Probe (Chrono Boost)  
  44  4:56  Pylon  
  44  5:00  Probe x2 (Chrono Boost), Photon Cannon  
  44  5:05  Photon Cannon  
  46  5:11  Probe x2 (Chrono Boost)  
  46  5:12  Stalker x2  
  52  5:16  Protoss Ground Weapons Level 1  
  53  5:21  Probe x2 (Chrono Boost)  
  54  5:28  Assimilator  
  54  5:32  Probe (Chrono Boost)  
  55  5:38  Photon Cannon  
  55  5:58  Stalker x2  
  59  6:06  Probe x2 (Chrono Boost)  
  59  6:11  Photon Cannon  
  61  6:15  Photon Cannon  
  61  6:16  Probe (Chrono Boost)  
  62  6:19  Photon Cannon  
  62  6:36  Stalker x2  
  62  6:38  Observer  
  67  6:57  Twilight Council  
  67  6:59  Warp Prism  
  67  7:00  Nexus  
  69  7:03  Pylon  
  69  7:06  Pylon  
  69  7:10  Protoss Ground Armor Level 1  
  67  7:35  Immortal  
  67  7:42  Zealot x4  
  75  7:45  Charge  
  75  7:50  Dark Shrine  
  75  7:57  Mothership Core (Chrono Boost), Probe (Chrono Boost)  
  78  8:02  Pylon  
  78  8:04  Pylon  
  78  8:07  Probe (Chrono Boost)  
  78  8:11  Pylon  
  79  8:15  Probe (Chrono Boost)  
  79  8:18  Probe (Chrono Boost)  
  79  8:19  Immortal  
  85  8:22  Zealot x4  
  93  8:35  Probe x3 (Chrono Boost)  
  93  8:40  Photon Cannon  
  96  8:44  Photon Cannon  
  96  8:48  Photon Cannon  
  96  9:04  Protoss Shields Level 1  
  96  9:06  Zealot x2  
  96  9:07  Zealot x2  
  103  9:30  Stalker x3  
  103  9:31  Stalker  
  69  9:51  Immortal  
  67  9:59  Dark Templar x2  
  66  10:13  Mothership Core (Chrono Boost), Stalker  
  66  10:14  Stalker  
  70  10:35  Stalker  
  70  10:36  Stalker  
  61  10:45  Zealot x2  
  46  11:14  Dark Templar  
Show
View Real Time Build Order
Export as new Build Order

lesha Terran - Winner!

Build Orders: Reaper Expand, MMM Bio 

Get SALT Encoding   

  12  0:01  SCV  
  13  0:13  SCV  
  14  0:18  Supply Depot  
  14  0:25  SCV  
  15  0:39  SCV  
  15  0:41  Barracks  
  16  0:47  Refinery  
  16  0:51  SCV  
  17  1:03  SCV  
  18  1:16  SCV  
  19  1:28  Orbital Command  
  19  1:30  Reaper  
  20  1:36  Refinery  
  20  1:49  Command Center  
  20  1:59  SCV  
  20  2:00  Supply Depot  
  21  2:10  Marine  
  21  2:15  SCV  
  23  2:27  SCV  
  23  2:28  Factory  
  23  2:29  Barracks Reactor  
  24  2:39  SCV  
  25  2:57  SCV  
  25  3:08  Barracks  
  25  3:09  SCV, Orbital Command  
  25  3:10  Barracks  
  25  3:12  Marine x2  
  28  3:15  Factory Tech Lab  
  28  3:21  SCV  
  29  3:33  SCV  
  30  3:35  Starport  
  30  3:40  SCV, Engineering Bay  
  31  3:44  Marine  
  31  3:45  SCV, Marine  
  34  3:52  SCV  
  34  3:54  Supply Depot  
  36  3:57  SCV, Barracks Tech Lab  
  36  3:58  Barracks Reactor  
  36  4:03  Marine  
  36  4:04  SCV, Marine  
  39  4:10  Missile Turret  
  39  4:11  SCV  
  39  4:16  SCV  
  41  4:19  Stimpack, Marine  
  41  4:21  Marine  
  43  4:29  Terran Infantry Weapons Level 1  
  43  4:30  Barracks  
  43  4:35  Supply Depot  
  43  4:40  Marine x4  
  43  4:42  Starport Reactor  
  43  4:43  Marine  
  48  4:46  Siege Tank  
  51  4:55  Engineering Bay  
  51  4:58  Marine x2  
  53  5:04  SCV, Barracks  
  53  5:05  SCV  
  55  5:07  Marine x2  
  57  5:17  SCV x2  
  59  5:24  Refinery, Marine  
  59  5:26  Barracks Reactor, Refinery  
  59  5:27  Armory, Marine  
  61  5:29  SCV  
  62  5:42  Supply Depot  
  62  5:45  Supply Depot  
  62  5:50  SCV x2, Medivac x2, Marine x2  
  62  5:53  Terran Infantry Armor Level 1  
  70  6:03  SCV x2, Marine x3  
  75  6:06  Missile Turret  
  75  6:07  Marine x2  
  75  6:08  Marine  
  78  6:13  Marine  
  79  6:21  Marine  
  80  6:26  Barracks Reactor  
  80  6:27  Combat Shields  
  80  6:37  Marine x6  
  86  6:45  Command Center  
  86  6:47  Terran Infantry Weapons Level 2  
  86  6:58  SCV x2, Marine x3, Medivac x2  
  86  6:59  Marine x2  
  97  7:06  Supply Depot  
  97  7:10  SCV  
  97  7:13  Supply Depot  
  92  7:34  Marine x5  
  92  7:35  Marine  
  92  7:36  Medivac x2  
  89  7:43  Marauder  
  90  7:52  Marine x2  
  92  8:01  Barracks  
  92  8:03  Barracks  
  92  8:04  Siege Tank  
  92  8:05  Barracks  
  95  8:10  Marauder  
  95  8:12  Marine x4  
  99  8:13  Marine x4  
  99  8:16  Medivac  
  99  8:17  Medivac  
  109  8:28  Orbital Command  
  109  8:34  SCV x2  
  111  8:40  Marine x4  
  111  8:41  Marine x2  
  116  8:43  Marauder  
  116  8:46  SCV x2  
  121  8:58  SCV x2  
  123  9:11  Barracks Tech Lab x2  
  123  9:12  Barracks Tech Lab  
  119  9:22  Command Center  
  118  9:29  Marine x5  
  118  9:30  Marine x4  
  131  9:31  Marauder x3  
  126  9:48  Marauder  
  130  9:52  Marauder  
  130  9:56  Marine x3  
  133  10:04  Supply Depot  
  133  10:06  Supply Depot  
  133  10:09  Supply Depot  
  133  10:26  Marauder x3, Marine  
Tags
 
Add a new tag
Caveats
  • Supply blocks, unpowered buildings, or Contaminate may cause inaccurate times.
  • Supply counts are checked every 10 seconds.